Map: Moondance

Players

Oliveira - Winner!

  • Race: Terran Terran
  • League: Grandmaster
  • Spawn Location: 12:00

Zoun

  • Race: Protoss Protoss
  • Spawn Location: 6:00

VOD

Have the link to the VOD?

Description

Time

  • Played on: Oct. 22, 2022, 6:45 a.m.
  • Length: 14:17
Show
View Real Time Build Order
Export as new Build Order

Oliveira Terran - Winner!

Build Orders: Gas First Reaper Expand 

Get SALT Encoding   

  12  0:00  SCV  
  13  0:12  SCV  
  14  0:17  Supply Depot  
  14  0:24  SCV  
  15  0:28  Refinery  
  15  0:38  SCV  
  16  0:46  Barracks  
  16  0:50  SCV  
  17  1:02  SCV  
  18  1:15  SCV  
  19  1:33  Reaper, Orbital Command  
  20  1:47  Command Center  
  20  1:57  Factory  
  20  2:00  SCV  
  21  2:09  Barracks Reactor  
  21  2:10  Refinery  
  21  2:13  SCV  
  22  2:18  Supply Depot  
  22  2:25  SCV  
  23  2:39  SCV  
  23  2:41  Starport  
  24  2:46  Widow Mine  
  24  2:47  Marine x2  
  28  2:51  SCV  
  29  2:58  Orbital Command  
  29  3:03  SCV  
  29  3:05  Marine x2  
  32  3:09  Widow Mine  
  34  3:15  Orbital Command  
  34  3:16  SCV  
  34  3:18  Medivac  
  37  3:23  Marine x2  
  39  3:28  Bunker  
  39  3:29  SCV  
  39  3:32  Factory Tech Lab  
  40  3:36  Supply Depot  
  40  3:40  SCV  
  41  3:41  SCV  
  41  3:44  Marine x2  
  44  3:54  SCV x2  
  46  3:57  Starport Tech Lab  
  46  3:58  Siege Tank  
  46  4:02  Supply Depot  
  49  4:06  SCV x2  
  49  4:07  Marine x2  
  53  4:20  SCV  
  51  4:26  SCV  
  51  4:28  Raven  
  52  4:31  Marine x2  
  52  4:32  SCV  
  52  4:33  Supply Depot  
  55  4:38  Barracks x2  
  55  4:39  SCV  
  55  4:41  Siege Tank  
  55  4:44  SCV  
  59  4:48  Engineering Bay  
  59  4:51  Refinery, SCV  
  59  4:52  Marine x2  
  62  4:56  SCV  
  63  5:00  Supply Depot  
  63  5:04  SCV  
  64  5:08  SCV  
  65  5:16  SCV  
  65  5:17  Siege Tank, Marine  
  70  5:21  SCV, Marine  
  70  5:23  Supply Depot, Terran Infantry Weapons Level 1  
  70  5:28  SCV, Barracks Tech Lab  
  72  5:34  SCV  
  72  5:35  Stimpack  
  71  5:36  Marine  
  71  5:41  Command Center, SCV  
  73  5:43  Refinery, Marine  
  73  5:45  Marine  
  73  5:46  SCV  
  73  5:48  Supply Depot  
  73  5:49  Starport Reactor  
  76  5:50  Marine  
  76  5:53  SCV  
  76  5:55  Combat Shield  
  78  5:58  SCV  
  78  5:59  Marine  
  80  6:07  SCV  
  80  6:09  Barracks, Marine  
  80  6:10  SCV, Marine, Barracks  
  80  6:11  Marine  
  84  6:15  Supply Depot  
  85  6:19  Marine  
  85  6:20  SCV  
  85  6:23  SCV  
  85  6:25  Siege Tank  
  91  6:27  Marine  
  91  6:28  Medivac  
  94  6:36  SCV x2, Medivac  
  94  6:37  Marauder  
  94  6:38  Supply Depot  
  100  6:40  Marauder  
  102  6:52  SCV x2, Marine  
  102  6:53  Orbital Command  
  105  6:57  Barracks Reactor, Barracks Tech Lab  
  105  7:00  Siege Tank  
  108  7:04  SCV, Marauder x2, Marine  
  108  7:07  SCV  
  115  7:09  Medivac  
  115  7:13  Marine  
  109  7:20  Concussive Shells  
  109  7:21  SCV x2  
  109  7:22  Marine  
  111  7:23  Supply Depot  
  111  7:25  Supply Depot, SCV, Marauder, Refinery  
  111  7:26  Marauder  
  111  7:28  Marauder  
  118  7:31  Medivac, Marine  
  118  7:34  Missile Turret, Marine  
  118  7:35  Marine  
  123  7:40  Supply Depot x2  
  123  7:42  Marine  
  124  7:45  Siege Tank  
  124  7:46  Marine  
  124  7:47  Missile Turret, Marauder  
  130  7:53  Engineering Bay, Armory  
  130  7:59  Terran Infantry Armor Level 1  
  130  8:00  Marauder, Marine  
  130  8:02  Marine x2  
  130  8:05  SCV, Marauder  
  136  8:08  Marauder  
  136  8:09  Viking  
  139  8:15  Marine  
  121  8:20  Siege Tank  
  54  9:29  Orbital Command  
  35  9:53  Orbital Command  
  35  9:58  Marine x4  
  36  10:01  SCV  
  36  10:03  Orbital Command  
  32  10:14  SCV  
  32  10:15  Marine  
  32  10:16  Marine x2  
  32  10:19  SCV  
  35  10:25  Marine  
  30  10:33  Marine  
  27  10:56  SCV  
  28  11:00  SCV x2  
  28  11:03  Refinery  
  28  11:04  Marauder  
  30  11:14  Marine  
  30  11:18  SCV  
  27  11:20  SCV  
  27  11:21  SCV, Marine x2  
  27  11:22  Marine  
  27  11:25  Marauder  
  34  11:30  SCV  
  36  11:33  SCV  
  36  11:39  Marine x2  
  36  11:42  SCV  
  36  11:43  SCV  
  36  11:46  SCV, Marauder  
  40  11:52  Marauder  
  40  11:55  SCV x2  
  40  11:57  Marine x3  
  40  12:00  SCV  
  42  12:02  Marine  
  42  12:06  Medivac  
  42  12:07  SCV  
  46  12:12  SCV  
  47  12:16  SCV  
  47  12:20  Marine  
  47  12:22  Marine  
  50  12:28  Marauder  
  52  12:32  SCV  
  52  12:33  Orbital Command  
  52  12:34  Marine  
  54  12:38  Marine  
  54  12:40  SCV  
  56  12:44  SCV  
  56  12:47  Marauder  
  59  12:52  SCV  
  60  13:04  SCV, Marine  
  60  13:12  Medivac x2  
  60  13:13  SCV  
  60  13:14  Marine  
  60  13:15  Marauder, Marine  
  57  13:23  SCV x2  
  57  13:25  SCV  
  56  13:28  Siege Tank  
  56  13:29  Marine x2  
  56  13:34  Barracks Tech Lab  
  59  13:36  Marine  
  59  13:37  Marauder  
  59  13:40  SCV x2  
  59  13:41  SCV  
  65  13:44  Medivac  
  69  13:48  Marine  
  69  13:49  Marine  
  69  13:52  SCV  
  69  13:54  Marine  
  73  13:55  SCV  
  73  13:56  SCV  
Show
View Real Time Build Order
Export as new Build Order

Zoun Protoss 

Build Orders: 1 Gate Expand, Blink Stalkers 

Get SALT Encoding   

  12  0:00  Probe  
  13  0:12  Probe  
  14  0:17  Pylon  
  14  0:24  Probe  
  15  0:36  Probe (Chrono Boost)  
  15  0:39  Gateway  
  16  0:46  Probe (Chrono Boost)  
  17  0:50  Assimilator  
  17  0:51  Probe  
  18  1:04  Probe  
  19  1:16  Probe  
  20  1:27  Cybernetics Core  
  20  1:38  Nexus, Probe  
  21  1:46  Pylon  
  21  1:50  Probe  
  22  1:54  Assimilator  
  22  2:01  Stalker (Chrono Boost)  
  22  2:02  Probe  
  22  2:07  Warp Gate  
  25  2:14  Probe  
  26  2:26  Probe  
  26  2:29  Twilight Council  
  27  2:37  Stalker  
  29  2:40  Probe (Chrono Boost)  
  30  2:50  Probe (Chrono Boost)  
  31  2:52  Probe (Chrono Boost)  
  32  3:00  Probe x2 (Chrono Boost), Blink (Chrono Boost), Gateway  
  32  3:05  Probe (Chrono Boost)  
  34  3:07  Probe  
  36  3:16  Probe  
  37  3:20  Probe  
  37  3:23  Robotics Facility  
  38  3:29  Gateway, Probe  
  38  3:33  Probe  
  40  3:36  Shield Battery  
  40  3:41  Probe  
  40  3:44  Pylon  
  40  3:45  Probe  
  42  3:54  Probe  
  42  3:55  Stalker  
  45  4:00  Probe  
  46  4:02  Stalker  
  46  4:05  Pylon  
  46  4:06  Probe, Assimilator  
  49  4:11  Observer  
  49  4:12  Probe  
  51  4:19  Stalker  
  51  4:23  Stalker  
  55  4:29  Probe  
  55  4:33  Warp Prism  
  55  4:37  Probe  
  58  4:43  Observer  
  58  4:48  Nexus, Observer  
  58  4:51  Robotics Bay  
  58  4:54  Pylon  
  58  4:55  Probe  
  58  4:58  Probe  
  60  5:00  Charge  
  60  5:03  Assimilator  
  60  5:08  Probe  
  61  5:20  Gateway, Forge  
  61  5:24  Gateway  
  61  5:25  Probe  
  62  5:30  Observer  
  62  5:34  Disruptor (Chrono Boost), Probe  
  63  5:37  Probe  
  63  5:38  Observer  
  63  5:41  Observer  
  67  5:43  Stalker  
  67  5:47  Pylon  
  67  5:49  Pylon  
  69  5:50  Probe  
  69  5:55  Gateway  
  69  5:56  Gateway  
  70  6:00  Probe  
  71  6:04  Disruptor  
  71  6:10  Protoss Ground Weapons Level 1 (Chrono Boost)  
  71  6:11  Stalker x2  
  78  6:14  Probe x3  
  78  6:16  Observer  
  81  6:19  Observer  
  81  6:21  Zealot  
  81  6:23  Pylon  
  81  6:25  Gateway  
  83  6:26  Probe x2  
  83  6:28  Probe  
  83  6:29  Pylon  
  83  6:31  Sentry x2, Observer  
  90  6:39  Templar Archives  
  90  6:41  Observer  
  90  6:47  Pylon  
  90  6:49  Disruptor  
  93  6:58  Zealot x3  
  93  6:59  Zealot x3  
  93  7:00  Pylon  
  105  7:01  Assimilator  
  105  7:02  Probe  
  106  7:11  Observer  
  106  7:12  Probe  
  106  7:14  Probe  
  108  7:23  Zealot x7  
  122  7:31  Probe  
  122  7:32  Disruptor  
  122  7:36  Pylon  
  126  7:37  Pylon  
  126  7:43  Zealot x3  
  132  7:50  Nexus  
  132  7:53  Pylon  
  132  8:04  Zealot x2  
  132  8:05  Zealot x2  
  140  8:07  Zealot x2  
  147  8:15  Zealot x2  
  147  8:27  Zealot x5  
  126  8:55  Zealot x6  
  61  9:16  Stalker x4  
  48  9:50  Zealot x2  
  40  10:13  Zealot x2  
  44  10:22  Observer  
  36  10:34  Observer  
  32  10:35  Zealot x2  
  36  10:43  Observer  
  36  10:54  Pylon  
  36  10:55  Nexus  
  36  11:01  Observer  
  36  11:18  Observer  
  36  11:21  Stalker x3  
  42  11:33  Probe  
  38  11:48  Probe  
  38  11:51  Templar Archives  
  39  12:00  Probe (Chrono Boost)  
  38  12:07  Probe (Chrono Boost)  
  39  12:13  Probe (Chrono Boost)  
  40  12:17  Probe (Chrono Boost)  
  40  12:19  Shield Battery, Probe (Chrono Boost)  
  40  12:22  Probe (Chrono Boost)  
  42  12:24  Psionic Storm  
  42  12:27  Probe  
  44  12:30  High Templar x4  
  44  12:34  Probe  
  44  12:35  Pylon  
  53  12:49  Probe x2  
  55  13:03  Stalker  
  33  13:16  Probe  
  33  13:17  Probe  
  30  13:23  Stalker  
  31  13:35  Stalker  
  33  13:42  Probe  
  34  13:53  Probe  
  35  13:58  Probe  
  31  14:12  Archon  
Tags
 
Add a new tag
Caveats
  • Supply blocks, unpowered buildings, or Contaminate may cause inaccurate times.
  • Supply counts are checked every 10 seconds.